TOP OF THE 1ST |
Duke Blue Devils batting - Pitching for Illinois Fighting Illini : RHP Vincent Davis
|
Pitching: RHP Vincent Davis
|
|
Batting: LHB Vicente Chávez
|
0-0: Called Strike 0-1: Ball 1-1: Ball 2-1: Foul Ball, location: 2F 2-2: Strikes out swinging
|
Batting: RHB John James
|
0-0: Ball 1-0: Ball 2-0: Swinging Strike 2-1: Ball 3-1: Ground out 6-3 (Groundball, 6)
|
Batting: RHB Matt Osborne
|
0-0: Ball 1-0: Foul Ball, location: 2F 1-1: Ground out 5-3 (Groundball, 5S)
|
Top of the 1st over - 0 run(s), 0 hit(s), 0 error(s), 0 left on base; Duke 0 - Illinois 0 |
BOTTOM OF THE 1ST |
Illinois Fighting Illini batting - Pitching for Duke Blue Devils : RHP Peter Watson
|
Pitching: RHP Peter Watson
|
|
Batting: RHB David Ward
|
0-0: Ball 1-0: Ball 2-0: Foul Ball, location: 2F 2-1: Foul Ball, location: 2F 2-2: Ball 3-2: Foul Ball, location: 2F 3-2: Base on Balls
|
Batting: RHB Matt Cole
|
0-0: Ball 1-0: Called Strike 1-1: Ball 2-1: Called Strike 2-2: Ball 3-2: Grounds into double play, 6-4-3 (Groundball, 6)
|
Batting: RHB Clinton Barton
|
0-0: Ball 1-0: Foul Ball, location: 2F 1-1: Called Strike 1-2: SINGLE (Line Drive, 89M)
|
Batting: RHB James Brown
|
0-0: Ball Clinton Barton is caught stealing 2nd base
|
Bottom of the 1st over - 0 run(s), 1 hit(s), 0 error(s), 0 left on base; Duke 0 - Illinois 0 |
TOP OF THE 2ND |
Duke Blue Devils batting - Pitching for Illinois Fighting Illini : RHP Vincent Davis
|
Batting: RHB Albert Reaveley
|
0-0: Swinging Strike 0-1: Ball 1-1: Swinging Strike 1-2: Strikes out looking
|
Batting: RHB Joe Leach
|
0-0: Called Strike 0-1: Fly out, F7 (Flyball, 7M)
|
Batting: RHB Jim Love
|
0-0: Ball 1-0: Ball 2-0: Fly out, F8 (Line Drive, 8RD)
|
Top of the 2nd over - 0 run(s), 0 hit(s), 0 error(s), 0 left on base; Duke 0 - Illinois 0 |
BOTTOM OF THE 2ND |
Illinois Fighting Illini batting - Pitching for Duke Blue Devils : RHP Peter Watson
|
Batting: RHB James Brown
|
0-0: Ball 1-0: Ball 2-0: Called Strike 2-1: Ball 3-1: Base on Balls
|
Batting: RHB Aaron Murray
|
0-0: Called Strike 0-1: Ball 1-1: Foul Ball, location: 2F 1-2: Strikes out swinging
|
Batting: RHB Gerald Davis
|
0-0: Called Strike 0-1: Ball 1-1: Foul Ball, location: 2F 1-2: DOUBLE (Line Drive, 89S) James Brown to third
|
Batting: RHB Benoît Vigneault
|
0-0: Ball 1-0: Foul Ball, location: 2F 1-1: Called Strike 1-2: Ground out 5-3 (Groundball, 56) James Brown scores
|
Batting: SHB Frank Grant
|
0-0: Ball 1-0: Ball 2-0: Ball 3-0: Base on Balls
|
Batting: SHB Dale Winters
|
0-0: Ball 1-0: Ball 2-0: SINGLE (Groundball, 5D) Gerald Davis to third Frank Grant to second Runner from 3rd tries for Home, SAFE, no throw or cutoff
|
Batting: RHB David Ward
|
0-0: Ball 1-0: Swinging Strike 1-1: Swinging Strike 1-2: Strikes out swinging
|
Bottom of the 2nd over - 2 run(s), 2 hit(s), 0 error(s), 2 left on base; Duke 0 - Illinois 2 |
TOP OF THE 3RD |
Duke Blue Devils batting - Pitching for Illinois Fighting Illini : RHP Vincent Davis
|
Batting: RHB José Reyes
|
0-0: Ball 1-0: Foul Ball, location: 2F 1-1: Ball 2-1: Ball 3-1: Base on Balls
|
Batting: SHB Tomás Sánchez
|
0-0: Ball 1-0: Ball 2-0: Called Strike 2-1: Swinging Strike 2-2: Strikes out swinging
|
Batting: LHB Kelsey Greer
|
0-0: Fly out, F9 (Flyball, 8RM)
|
Batting: LHB Vicente Chávez
|
0-0: Called Strike 0-1: Foul Ball, location: 2F 0-2: Foul Ball, location: 2F 0-2: Ball 1-2: SINGLE (Groundball, 34) José Reyes to second Runner from 2nd tries for 3rd, SAFE, throw made to third
|
Batting: RHB John James
|
0-0: Swinging Strike 0-1: Ball 1-1: Ball 2-1: Ground out 6-3 (Groundball, 6)
|
Top of the 3rd over - 0 run(s), 1 hit(s), 0 error(s), 2 left on base; Duke 0 - Illinois 2 |
BOTTOM OF THE 3RD |
Illinois Fighting Illini batting - Pitching for Duke Blue Devils : RHP Peter Watson
|
Batting: RHB Matt Cole
|
0-0: Called Strike 0-1: Ball 1-1: Called Strike 1-2: Ball 2-2: SINGLE (Groundball, 5L)
|
Batting: RHB Clinton Barton
|
0-0: Swinging Strike 0-1: Ball 1-1: Swinging Strike 1-2: Ball 2-2: Strikes out swinging
|
Batting: RHB James Brown
|
0-0: Ball 1-0: Grounds into double play, 4-6-3 (Groundball, 4)
|
Bottom of the 3rd over - 0 run(s), 1 hit(s), 0 error(s), 0 left on base; Duke 0 - Illinois 2 |
TOP OF THE 4TH |
Duke Blue Devils batting - Pitching for Illinois Fighting Illini : RHP Vincent Davis
|
Batting: RHB Matt Osborne
|
0-0: Ball Single, Error in OF, E9, batter to second base
|
Batting: RHB Albert Reaveley
|
0-0: Called Strike 0-1: SINGLE (Line Drive, 6D) Matt Osborne to third
|
Batting: RHB Joe Leach
|
0-0: Called Strike 0-1: Swinging Strike 0-2: Ball 1-2: Foul Ball, location: 2F 1-2: Foul Ball, location: 2F 1-2: Strikes out swinging
|
Batting: RHB Jim Love
|
0-0: Ball 1-0: Called Strike 1-1: Foul Ball, location: 2F 1-2: Foul Ball, location: 2F 1-2: Strikes out looking
|
Batting: RHB José Reyes
|
0-0: Ball 1-0: Called Strike 1-1: Called Strike 1-2: Ball 2-2: Strikes out looking
|
Top of the 4th over - 0 run(s), 2 hit(s), 1 error(s), 2 left on base; Duke 0 - Illinois 2 |
BOTTOM OF THE 4TH |
Illinois Fighting Illini batting - Pitching for Duke Blue Devils : RHP Peter Watson
|
Batting: RHB Aaron Murray
|
0-0: Called Strike 0-1: Called Strike 0-2: SINGLE (Line Drive, 4D)
|
Batting: RHB Gerald Davis
|
0-0: Swinging Strike Throwing error on steal attempt, E2 Aaron Murray to third 0-1: Ball 1-1: Ball 2-1: SINGLE (Line Drive, 34D) Aaron Murray scores
|
Batting: RHB Benoît Vigneault
|
0-0: Called Strike 0-1: Ball 1-1: Called Strike 1-2: Ball 2-2: Ball 3-2: Base on Balls Gerald Davis to second
|
Batting: SHB Frank Grant
|
0-0: Fly out, F9 (Flyball, 9LM)
|
Batting: SHB Dale Winters
|
0-0: SINGLE (Line Drive, 6MD) Gerald Davis to third Benoît Vigneault to second Runner from 3rd tries for Home, SAFE, no throw or cutoff
|
Batting: RHB David Ward
|
0-0: Called Strike 0-1: Ball 1-1: Foul Ball, location: 2F 1-2: Ball 2-2: Ball 3-2: 3-RUN HOME RUN (Flyball, 9LD), Distance : 338 ft
|
Pitching: RHP Fred McWalrick
|
|
Batting: RHB Matt Cole
|
0-0: Called Strike 0-1: Foul Ball, location: 2F
|
|
|
|
0-2: Ball 1-2: Strikes out swinging
|
Batting: RHB Clinton Barton
|
0-0: Foul Ball, location: 2F 0-1: Reached on error, E5 (Groundball, 56S)
|
Batting: RHB James Brown
|
0-0: Ball 1-0: Ball Clinton Barton steals 2nd base 2-0: Ball 3-0: Base on Balls
|
Batting: RHB Aaron Murray
|
0-0: Called Strike 0-1: Ball 1-1: Ball 2-1: Ball 3-1: Base on Balls Clinton Barton to third James Brown to second
|
Batting: RHB Gerald Davis
|
0-0: Called Strike 0-1: Foul Ball, location: 2F 0-2: Fly out, F7 (Flyball, 78M)
|
Bottom of the 4th over - 5 run(s), 4 hit(s), 2 error(s), 3 left on base; Duke 0 - Illinois 7 |
TOP OF THE 5TH |
Duke Blue Devils batting - Pitching for Illinois Fighting Illini : RHP Vincent Davis
|
Batting: SHB Tomás Sánchez
|
0-0: Ball 1-0: Foul Ball, location: 2F 1-1: Ball 2-1: DOUBLE (Line Drive, 78S)
|
Batting: LHB Kelsey Greer
|
0-0: Called Strike 0-1: Swinging Strike 0-2: Strikes out swinging
|
Batting: LHB Vicente Chávez
|
0-0: Called Strike 0-1: Ball 1-1: Foul Ball, location: 2F 1-2: Foul Ball, location: 2F 1-2: Foul Ball, location: 2F 1-2: Ball 2-2: Foul Ball, location: 2F 2-2: DOUBLE (Flyball, 78XD) Tomás Sánchez scores
|
Batting: RHB John James
|
0-0: Fly out, F8 (Flyball, 8LM)
|
Batting: RHB Matt Osborne
|
0-0: Ball 1-0: Ball 2-0: Foul Ball, location: 2F 2-1: Ball 3-1: SINGLE (Line Drive, 78S) Vicente Chávez to third Runner from 3rd tries for Home, SAFE, no throw or cutoff
|
Pitching: RHP John Brock
|
|
Batting: RHB Albert Reaveley
|
0-0: Ball 1-0: Called Strike 1-1: Foul Ball, location: 2F 1-2: Ball 2-2: Foul Ball, location: 2F 2-2: Ball 3-2: Strikes out swinging
|
Top of the 5th over - 2 run(s), 3 hit(s), 0 error(s), 1 left on base; Duke 2 - Illinois 7 |
BOTTOM OF THE 5TH |
Illinois Fighting Illini batting - Pitching for Duke Blue Devils : RHP Fred McWalrick
|
Batting: RHB Benoît Vigneault
|
0-0: Called Strike 0-1: Swinging Strike 0-2: Strikes out looking
|
Batting: SHB Frank Grant
|
0-0: Called Strike 0-1: Ball 1-1: Ball 2-1: Swinging Strike 2-2: Foul Ball, location: 2F 2-2: Ground out 3-1 (Groundball, 34)
|
Batting: SHB Dale Winters
|
0-0: Ball 1-0: Ball 2-0: Foul Ball, location: 2F 2-1: SINGLE (Line Drive, 8RS)
|
Batting: RHB David Ward
|
0-0: Called Strike Dale Winters steals 2nd base 0-1: Ground out 4-3 (Groundball, 4M)
|
Bottom of the 5th over - 0 run(s), 1 hit(s), 0 error(s), 1 left on base; Duke 2 - Illinois 7 |
TOP OF THE 6TH |
Duke Blue Devils batting - Pitching for Illinois Fighting Illini : RHP John Brock
|
Batting: RHB Joe Leach
|
0-0: Reached on error, E6 (Groundball, 6)
|
Batting: RHB Jim Love
|
0-0: Fly out, F3 (Popup, 23F)
|
Batting: RHB José Reyes
|
0-0: SINGLE (Groundball, 4MD) Joe Leach to second
|
Batting: SHB Tomás Sánchez
|
0-0: Swinging Strike 0-1: Ball 1-1: Ball 2-1: Swinging Strike 2-2: Ball 3-2: Foul Ball, location: 2F 3-2: Foul Ball, location: 2F 3-2: Base on Balls Joe Leach to third José Reyes to second
|
Batting: LHB Kelsey Greer
|
0-0: Called Strike 0-1: Foul Ball, location: 2F 0-2: Ball 1-2: Strikes out swinging
|
Batting: LHB Vicente Chávez
|
0-0: GRAND SLAM HOME RUN (Flyball, 89XD), Distance : 372 ft
|
Pitching: RHP Bob Brock
|
|
Batting: RHB John James
|
0-0: Ball 1-0: Foul Ball, location: 2F 1-1: Called Strike 1-2: Foul Ball, location: 2F 1-2: Ball 2-2: Foul Ball, location: 2F 2-2: Strikes out swinging
|
Top of the 6th over - 4 run(s), 2 hit(s), 1 error(s), 0 left on base; Duke 6 - Illinois 7 |
BOTTOM OF THE 6TH |
Illinois Fighting Illini batting - Pitching for Duke Blue Devils : RHP Fred McWalrick
|
Batting: RHB Matt Cole
|
0-0: Ball 1-0: Ground out 5-3 (Groundball, 5S)
|
Batting: RHB Clinton Barton
|
0-0: Ball 1-0: Ball 2-0: Ball 3-0: Called Strike 3-1: Base on Balls
|
Batting: RHB James Brown
|
0-0: Ball 1-0: Ball 2-0: Called Strike 2-1: Swinging Strike 2-2: Ball Clinton Barton steals 2nd base 3-2: SINGLE (Groundball, 4S) Clinton Barton to third Runner from 3rd tries for Home, SAFE, no throw or cutoff
|
Batting: RHB Aaron Murray
|
0-0: Ball 1-0: Foul Ball, location: 2F 1-1: Foul Ball, location: 2F 1-2: 2-RUN HOME RUN (Flyball, 78XD), Distance : 362 ft
|
Batting: RHB Gerald Davis
|
0-0: Called Strike 0-1: Ball 1-1: Called Strike 1-2: Reached on error, E5 (Groundball, 5)
|
Pitching: RHP John O'Greane
|
|
Batting: RHB Jon Foster
|
0-0: Ball 1-0: Ball Gerald Davis is caught stealing 2nd base 2-0: Ball 3-0: Base on Balls
|
Batting: SHB Frank Grant
|
0-0: Ball 1-0: Ball 2-0: Ball 3-0: Called Strike 3-1: Base on Balls Jon Foster to second
|
Batting: SHB Dale Winters
|
0-0: Ground out 4-3 (Groundball, 4)
|
Bottom of the 6th over - 3 run(s), 2 hit(s), 1 error(s), 2 left on base; Duke 6 - Illinois 10 |
TOP OF THE 7TH |
Duke Blue Devils batting - Pitching for Illinois Fighting Illini : RHP Bob Brock
|
Batting: RHB Matt Osborne
|
0-0: Ball 1-0: Ball 2-0: Called Strike 2-1: Swinging Strike 2-2: Fly out, F8 (Flyball, 8RM)
|
Batting: RHB Albert Reaveley
|
0-0: Foul Ball, location: 2F 0-1: Ball 1-1: Ball 2-1: Swinging Strike 2-2: Ball 3-2: Foul Ball, location: 2F 3-2: Ground out 4-3 (Groundball, 4)
|
Batting: RHB Joe Leach
|
0-0: Ball 1-0: Ball 2-0: Fly out, F9 (Flyball, 89M)
|
Top of the 7th over - 0 run(s), 0 hit(s), 0 error(s), 0 left on base; Duke 6 - Illinois 10 |
BOTTOM OF THE 7TH |
Illinois Fighting Illini batting - Pitching for Duke Blue Devils : RHP John O'Greane
|
Batting: RHB David Ward
|
0-0: Reached on error, E6 (Groundball, 6)
|
Batting: RHB Matt Cole
|
0-0: Bunted foul 0-1: Bunted foul 0-2: Strikes out looking
|
Batting: RHB Clinton Barton
|
0-0: Swinging Strike 0-1: Ball 1-1: Ball 2-1: Foul Ball, location: 2F 2-2: Ball 3-2: Base on Balls David Ward to second
|
Batting: RHB James Brown
|
0-0: Grounds into double play, 5-4-3 (Groundball, 56)
|
Bottom of the 7th over - 0 run(s), 0 hit(s), 1 error(s), 1 left on base; Duke 6 - Illinois 10 |
TOP OF THE 8TH |
Duke Blue Devils batting - Pitching for Illinois Fighting Illini : RHP Bob Brock
|
Batting: RHB Jim Love
|
0-0: Ball 1-0: Ball 2-0: SOLO HOME RUN (Flyball, 7D), Distance : 349 ft
|
Batting: RHB José Reyes
|
0-0: Ground out 4-3 (Groundball, 4M)
|
Batting: SHB Tomás Sánchez
|
0-0: Ball 1-0: Ball 2-0: Ball 3-0: Base on Balls
|
Pitching: RHP Joe Smith
|
|
Batting: LHB Kelsey Greer
|
0-0: Ball 1-0: Grounds into double play, 4-6-3 (Groundball, 4M)
|
Top of the 8th over - 1 run(s), 1 hit(s), 0 error(s), 0 left on base; Duke 7 - Illinois 10 |
BOTTOM OF THE 8TH |
Illinois Fighting Illini batting - Pitching for Duke Blue Devils : RHP John O'Greane
|
Batting: RHB Aaron Murray
|
0-0: Ball 1-0: Called Strike 1-1: Called Strike 1-2: Strikes out looking
|
Pitching: RHP Matt Phillips
|
|
Batting: RHB Gerald Davis
|
0-0: Ball 1-0: SINGLE (Groundball, 6MD)
|
Batting: RHB Jon Foster
|
0-0: Called Strike 0-1: Foul Ball, location: 2F 0-2: Ball 1-2: Foul Ball, location: 2F 1-2: Strikes out swinging
|
Batting: SHB Frank Grant
|
0-0: Called Strike 0-1: Ball 1-1: Called Strike 1-2: Fielders Choice at 2nd, U4 (Groundball, 4M)
|
Bottom of the 8th over - 0 run(s), 1 hit(s), 0 error(s), 1 left on base; Duke 7 - Illinois 10 |
TOP OF THE 9TH |
Duke Blue Devils batting - Pitching for Illinois Fighting Illini : RHP Joe Smith
|
Pitching: RHP Artie Smith
|
|
Now at SS: Arturo García
|
|
Batting: LHB Vicente Chávez
|
0-0: Ball 1-0: Foul Ball, location: 2F 1-1: Swinging Strike 1-2: Ball 2-2: Strikes out swinging
|
Batting: RHB John James
|
0-0: Hit by Pitch
|
Batting: RHB Matt Osborne
|
0-0: Swinging Strike 0-1: Ball 1-1: Swinging Strike 1-2: Ball 2-2: Strikes out swinging
|
Batting: RHB Albert Reaveley
|
0-0: Ball 1-0: Called Strike 1-1: Called Strike 1-2: Strikes out swinging
|
Top of the 9th over - 0 run(s), 0 hit(s), 0 error(s), 1 left on base; Duke 7 - Illinois 10 |
 |
|